[Event "Titled Tuesday Blitz January 03 Early 2023"]
[White "Samunenkov, Ihor"]
[Black "Estrada Nieto, Julian"]
[WhiteFideId "14187086"]
[BlackFideId "5101018"]
[WhiteElo "2501"]
[BlackElo "2215"]
[Result "0-1"]
[Round "02"]
[TimeControl "180+2"]
[Date "2023.01.03"]
[WhiteClock "0:00:02"]
[BlackClock "0:00:26"]

1. e4 e5 2. Nf3 Nc6 3. Bb5 a6 4. Ba4 Nf6 5. O-O Be7 6. Re1 b5 7. Bb3 d6 8. a4 b4 9. d4 Bg4 10. dxe5 Nxe5 11. Nbd2 O-O 12. h3 Bh5 13. g4 Bg6 14. Nd4 c5 15. Nf5 Bxf5 16. gxf5 Nfd7 17. f4 Nc6 18. Nf3 Nb6 19. Bd5 Nxd5 20. Qxd5 Qc7 21. e5 Rad8 22. e6 Bf6 23. Ng5 Bxg5 24. fxg5 Ne7 25. exf7+ Rxf7 26. Rxe7 Qxe7 27. Bf4 Kh8 28. Bg3 Qxg5 29. Kh2 Qxf5 30. Qc6 Qxc2+ 31. Kg1 Qxb2 32. Re1 Rff8 33. Bxd6 Qd4+ 0-1


[Site "https://www.chess.com"]

[Event "Titled Tuesday Blitz January 03 Early 2023"]
[White "Santos Ruiz, Miguel"]
[Black "Manukian, Artak"]
[WhiteFideId "22291482"]
[BlackFideId "13301373"]
[WhiteElo "2590"]
[BlackElo "2196"]
[Result "1-0"]
[Round "02"]
[TimeControl "180+2"]
[Date "2023.01.03"]
[WhiteClock "0:00:13"]
[BlackClock "0:00:15"]

1. c4 g6 2. d4 Bg7 3. Nc3 d6 4. e4 Nf6 5. Be2 O-O 6. Be3 e5 7. d5 c5 8. g4 Na6 9. h4 Nc7 10. h5 a6 11. a4 Rb8 12. hxg6 hxg6 13. f3 b5 14. axb5 axb5 15. cxb5 Bd7 16. Qd2 Nxb5 17. Bh6 Bh8 18. Bxb5 Bxb5 19. Bxf8 Qxf8 20. Nge2 Bxe2 21. Qxe2 Ra8 22. Kf2 Bg7 23. Rxa8 Qxa8 24. Kg2 Nh7 25. Qb5 Bf8 26. Nd1 Nf6 27. Nf2 Qa7 28. Rd1 Bh6 29. Rd3 Qa1 30. Ra3 Qc1 31. Ra8+ Kh7 32. Qb8 Bg7 33. Qxd6 Qxb2 34. Qxc5 Kh6 35. Ra7 Kg5 36. Qe3+ Kh4 37. Rxf7 Ne8 38. d6 Qb3 39. Qxb3 1-0


[Site "https://www.chess.com"]

[Event "Titled Tuesday Blitz January 03 Early 2023"]
[White "Najdin, Danil"]
[Black "Murzin, Volodar"]
[WhiteFideId "4172426"]
[BlackFideId "44155573"]
[WhiteElo "2235"]
[BlackElo "2604"]
[Result "1-0"]
[Round "02"]
[TimeControl "180+2"]
[Date "2023.01.03"]
[WhiteClock "0:00:06"]
[BlackClock "0:00:21"]

1. e4 c6 2. d4 d5 3. exd5 cxd5 4. Bd3 Nc6 5. c3 g6 6. Bf4 Bf5 7. Nf3 Bxd3 8. Qxd3 Bg7 9. O-O Nf6 10. Nbd2 O-O 11. Rfe1 Rc8 12. h3 e6 13. Ne5 a6 14. Qe3 Nd7 15. Nd3 Re8 16. Bh6 Bh8 17. Nf3 Nb6 18. h4 Nc4 19. Qe2 Nd6 20. g3 Ne4 21. Kg2 Ne7 22. Bg5 h5 23. Ng1 Nxg5 24. hxg5 Nf5 25. Nh3 Bg7 26. f3 Nd6 27. Ne5 b5 28. a3 a5 29. Nd3 Qc7 30. Nc5 Qc6 31. b4 Ra8 32. Nf4 Qc7 33. Nfd3 Nf5 34. Ne5 Reb8 35. Ned7 Rd8 36. Qxb5 Nd6 37. Qb6 Rxd7 38. Nxd7 Qxd7 39. bxa5 Nc4 40. Qb3 Rxa5 41. a4 Bf8 42. Ra2 Qd8 43. f4 Ra7 44. Rb1 Bd6 45. a5 1-0


[Site "https://www.chess.com"]

[Event "Titled Tuesday Blitz January 03 Early 2023"]
[White "Bikuzhin, Maksim"]
[Black "Andreev, Konstantin"]
[WhiteFideId "24128015"]
[BlackFideId "24239305"]
[WhiteElo "2279"]
[BlackElo "2195"]
[Result "1/2-1/2"]
[Round "02"]
[TimeControl "180+2"]
[Date "2023.01.03"]
[WhiteClock "0:00:21"]
[BlackClock "0:00:13"]

1. e4 c5 2. Nc3 Nc6 3. f4 g6 4. Nf3 Bg7 5. Bb5 d6 6. O-O e6 7. d3 Ne7 8. Qe1 O-O 9. f5 gxf5 10. Bg5 f6 11. Be3 fxe4 12. dxe4 Ng6 13. Bxc6 bxc6 14. Rd1 Qe7 15. Nh4 Ne5 16. b3 Bd7 17. h3 Be8 18. Qd2 d5 19. Na4 d4 20. Bf2 Bh5 21. Rde1 Kh8 22. Bg3 Nd7 23. Nb2 Rg8 24. Kh2 Qf8 25. Nc4 Bh6 26. Qf2 Qg7 27. Bd6 Bg5 28. g4 Bf7 29. Nf3 Bg6 30. Nxg5 fxg5 31. e5 Qh6 32. Nb2 Rg7 33. Na4 Rf7 34. Qg3 Rg8 35. Rxf7 Bxf7 36. Nxc5 Nxc5 37. Bxc5 Bg6 38. Re2 Qg7 39. Bxd4 Rf8 40. Bc5 Rf4 41. Bd6 Qf7 42. Bc5 Rf3 43. Rf2 Rxg3 44. Rxf7 Rxh3+ 45. Kxh3 Bxf7 46. Be7 h6 47. c4 Kh7 48. b4 Bg6 49. Kg3 Bd3 50. c5 Bc4 51. a3 Kg6 52. Bd6 h5 53. Bb8 a6 54. Bd6 h4+ 55. Kh3 Bf1+ 56. Kh2 Be2 57. Kh3 Kf7 58. Bc7 Ke7 59. Bd6+ Kf7 60. Bc7 Kg6 61. Bd8 Bd3 62. Be7 Be2 63. Bf6 Bd1 64. Be7 Be2 65. Bd8 Bd3 66. a4 Bc2 67. a5 Bd3 68. Be7 Bb5 69. Bd8 Kh6 70. Be7 Kg6 71. Bf8 Kf7 72. Bd6 Kg6 73. Bc7 Bc4 74. Bd8 Bb5 75. Bc7 Bc4 76. Bd8 Bb5 77. Be7 Bc4 78. Bf6 Bb5 79. Bd8 Bc4 80. Be7 Bb5 1/2-1/2


[Site "https://www.chess.com"]

[Event "Titled Tuesday Blitz January 03 Early 2023"]
[White "Lorenzo De La Riva, Lazaro"]
[Black "Khubukshanov, Erdem"]
[WhiteFideId "2268809"]
[BlackFideId "54114527"]
[WhiteElo "2404"]
[BlackElo "2382"]
[Result "1-0"]
[Round "02"]
[TimeControl "180+2"]
[Date "2023.01.03"]
[WhiteClock "0:00:05"]
[BlackClock "0:00:21"]

1. e4 c5 2. Nf3 Nc6 3. d4 cxd4 4. Nxd4 Qb6 5. Nb3 Nf6 6. Nc3 e6 7. Be3 Qc7 8. f4 Bb4 9. Bd3 O-O 10. O-O Bxc3 11. bxc3 d6 12. g4 b6 13. g5 Nd7 14. Qh5 Re8 15. Rf3 Nf8 16. Rh3 e5 17. f5 Ne7 18. f6 Bxh3 19. fxe7 Rxe7 20. Qxh3 Qxc3 21. Rf1 Rd8 22. Nd2 Ne6 23. Qf5 Qc8 24. Bc4 Rf8 25. h4 Rc7 26. Bb3 Nc5 27. Bxc5 bxc5 28. Bd5 Qxf5 29. exf5 Kh8 30. Ne4 Rd8 31. f6 g6 32. h5 c4 33. hxg6 fxg6 34. f7 Kg7 35. Nxd6 Rcd7 36. Ne8+ Kf8 37. Bxc4 Rd1 38. Bb3 Rxf1+ 39. Kxf1 Ke7 40. Nf6 Rh8 41. Ne4 h6 42. gxh6 Rxh6 43. Ke2 Rh3 44. Ng5 Rc3 45. Nh7 Rc8 46. f8=Q+ Rxf8 47. Nxf8 Kxf8 48. Ke3 Ke7 49. Ke4 Kd6 50. a4 a5 51. Bf7 g5 52. Kf5 Kc5 53. Bb3 Kd4 54. Kxg5 e4 55. Kf4 e3 56. Kf3 Kc3 57. Ke2 Kb4 58. Kxe3 Kc5 59. Kd3 Kb4 60. Kd4 Ka3 61. Kc4 Kb2 62. Kb5 Kc3 63. Kxa5 Kb2 64. c4 Kc3 65. c5 Kxb3 66. c6 Kc4 67. c7 Kb3 68. c8=Q Kb2 69. Qh3 Kc2 70. Kb4 Kd2 71. Kc4 Ke2 72. Kd4 Kf2 73. Ke4 Ke2 74. Qg3 Kd1 75. Qf2 Kc1 76. Qe2 Kb1 77. Qd2 Ka1 78. Kd3 Kb1 79. Kc3 Ka1 80. Qb2# 1-0


[Site "https://www.chess.com"]

[Event "Titled Tuesday Blitz January 03 Early 2023"]
[White "Harshavardhan G B"]
[Black "Vovk, Orest"]
[WhiteFideId "25059009"]
[BlackFideId "14113490"]
[WhiteElo "2408"]
[BlackElo "2315"]
[Result "1/2-1/2"]
[Round "02"]
[TimeControl "180+2"]
[Date "2023.01.03"]
[WhiteClock "0:00:42"]
[BlackClock "0:00:19"]

1. Nf3 h6 2. d4 g5 3. h3 Bg7 4. Nc3 Nf6 5. e4 d6 6. Bc4 O-O 7. Qe2 g4 8. Nh4 c6 9. e5 dxe5 10. dxe5 Nd5 11. hxg4 Nxc3 12. bxc3 Qa5 13. Bd2 Qxe5 14. Qxe5 Bxe5 15. Nf5 Bxf5 16. gxf5 Bg7 17. O-O Nd7 18. Rae1 Rfe8 19. Re3 b5 20. Be2 Nf6 21. Re1 Rad8 22. Bd3 c5 23. Bxb5 Rxd2 24. Bxe8 Nxe8 25. Rxe7 Nd6 26. R7e2 Rxe2 27. Rxe2 Bxc3 28. g4 Kf8 29. Re3 Bd4 30. Ra3 Ne4 31. Kg2 c4 32. Kf3 Nd2+ 33. Kf4 Bxf2 34. Ke5 Kg7 35. Ra5 Bb6 36. Rd5 Nf3+ 37. Kf4 Ng5 38. a4 Kf6 39. a5 Bc7+ 40. Ke3 Bh2 41. Kd4 Nf3+ 42. Kxc4 Ne5+ 43. Kb5 Nxg4 44. c4 Ne3 45. Rd7 Nxf5 46. c5 h5 47. c6 h4 48. c7 Bxc7 49. Rxc7 Kg5 50. Ka6 h3 51. Rc2 Nd4 52. Rb2 Nc6 53. Kb5 Nxa5 54. Kxa5 Kg4 55. Rb4+ Kg3 56. Rb3+ Kg4 57. Rb4+ Kg5 58. Rb3 Kg4 59. Rb4+ 1/2-1/2


[Site "https://www.chess.com"]

[Event "Titled Tuesday Blitz January 03 Early 2023"]
[White "Forgacs, Attila Jr."]
[Black "Concio, Michael Jr."]
[WhiteFideId "773654"]
[BlackFideId "5217873"]
[WhiteElo "2264"]
[BlackElo "2395"]
[Result "0-1"]
[Round "02"]
[TimeControl "180+2"]
[Date "2023.01.03"]
[WhiteClock "0:00:15"]
[BlackClock "0:01:01"]

1. e4 e5 2. Nf3 Nc6 3. Bb5 Nf6 4. d3 d5 5. exd5 Qxd5 6. Bc4 Qd8 7. O-O Bd6 8. Re1 O-O 9. Nc3 h6 10. Ne4 Nxe4 11. dxe4 Bg4 12. h3 Bh5 13. c3 Qf6 14. Be3 Rfd8 15. Qe2 Ne7 16. Rad1 a6 17. Bb3 Kf8 18. Rd3 Bxf3 19. Qxf3 Qxf3 20. gxf3 Ng6 21. Red1 Be7 22. Rxd8+ Rxd8 23. Rxd8+ Bxd8 24. Bc5+ Be7 25. Be3 c6 26. Kf1 Bd6 27. Bc4 Ke7 28. a4 b5 29. axb5 axb5 30. Bd3 Nf8 31. c4 b4 32. c5 Bc7 33. Bd2 Ba5 34. f4 Nd7 35. fxe5 Nxc5 36. Ke2 g5 37. f3 Nd7 38. h4 gxh4 39. Bxh6 h3 40. Bf4 Bc7 41. Kf2 Bxe5 42. Bxe5 Nxe5 43. Bf1 h2 44. Kg2 Nxf3 45. Be2 Nd4 46. Bd3 Kd6 47. Kxh2 Ke5 48. Kg3 f6 49. Kf2 Kf4 50. Bb1 Ne6 51. Ke2 Nc5 52. Ba2 Kxe4 53. Bb1+ Kd4 54. Kd2 Ne4+ 55. Ke2 c5 56. Ba2 c4 57. Bb1 f5 58. Kf3 Nd2+ 59. Kf4 Nxb1 60. Kxf5 c3 61. b3 c2 62. Kf4 c1=Q+ 63. Kf3 Qe3+ 64. Kg2 Qf4 65. Kg1 Qd2 66. Kf1 Ke3 67. Kg1 Kf3 68. Kh1 Qg2# 0-1


[Site "https://www.chess.com"]

[Event "Titled Tuesday Blitz January 03 Early 2023"]
[White "Orozbaev, Eldiar"]
[Black "Degenbaev, Aziz"]
[WhiteFideId "13802240"]
[BlackFideId "13802640"]
[WhiteElo "2235"]
[BlackElo "2203"]
[Result "1-0"]
[Round "02"]
[TimeControl "180+2"]
[Date "2023.01.03"]
[WhiteClock "0:01:36"]
[BlackClock "0:00:02"]

1. e4 e6 2. d4 d5 3. Nc3 Nf6 4. e5 Nfd7 5. f4 c5 6. Nf3 Nc6 7. Be3 Be7 8. Qd2 O-O 9. Qf2 cxd4 10. Nxd4 a6 11. Bd3 h6 12. O-O Qc7 13. Rae1 Nxd4 14. Bxd4 Bc5 15. Ne2 b5 16. c3 Bb7 17. Bb1 Rac8 18. Qg3 b4 19. Rf3 bxc3 20. bxc3 a5 21. Qg4 Rfe8 22. Ng3 Kf8 23. Nh5 g6 24. Bxg6 fxg6 25. Qxg6 Ke7 26. Ng7 Qb6 27. f5 Bxd4+ 28. cxd4 Qxd4+ 29. Kh1 Nf8 30. Qf6+ Kd7 31. Nxe8 Rxe8 32. Qf7+ Re7 33. Qxf8 exf5 34. e6+ 1-0


[Site "https://www.chess.com"]

[Event "Titled Tuesday Blitz January 03 Early 2023"]
[White "Abdilkhair, Abilmansur"]
[Black "Yeritsyan, Hayk"]
[WhiteFideId "13716417"]
[BlackFideId "13307320"]
[WhiteElo "2268"]
[BlackElo "2241"]
[Result "0-1"]
[Round "02"]
[TimeControl "180+2"]
[Date "2023.01.03"]
[WhiteClock "0:00:02"]
[BlackClock "0:00:21"]

1. d4 Nf6 2. Nf3 e6 3. c4 b6 4. g3 Ba6 5. Bg2 Bb4+ 6. Bd2 Qe7 7. Qa4 Bxd2+ 8. Nbxd2 Bb7 9. O-O O-O 10. Rac1 c5 11. Qa3 d6 12. Rfd1 a6 13. Nf1 Rd8 14. Ne3 Nc6 15. d5 exd5 16. cxd5 Ne5 17. Nf5 Nxf3+ 18. Qxf3 Qd7 19. e4 Re8 20. Qf4 Re5 21. Bh3 Qd8 22. f3 g6 23. Ne3 b5 24. Rxc5 Nh5 25. Qh6 dxc5 26. Ng4 Re8 27. e5 Bc8 28. e6 fxe6 29. Ne5 exd5 30. Nxg6 hxg6 31. Qxg6+ Ng7 32. Bg2 Bf5 33. Qc6 Rc8 34. Qxa6 d4 35. Qxb5 d3 36. f4 d2 37. Qc4+ Kh8 38. Qc3 Re1+ 39. Rxe1 Qd4+ 40. Re3 d1=Q+ 41. Kf2 Q1d2+ 42. Qxd2 Qxd2+ 43. Re2 Qd4+ 44. Ke1 Bg4 0-1


[Site "https://www.chess.com"]

[Event "Titled Tuesday Blitz January 03 Early 2023"]
[White "Novikova, Galina"]
[Black "Korchmar, Vasiliy"]
[WhiteFideId "4157095"]
[BlackFideId "24131750"]
[WhiteElo "2073"]
[BlackElo "2438"]
[Result "0-1"]
[Round "02"]
[TimeControl "180+2"]
[Date "2023.01.03"]
[WhiteClock "0:00:27"]
[BlackClock "0:00:37"]

1. d4 Nf6 2. Nc3 g6 3. Bf4 Bg7 4. e4 O-O 5. f3 c5 6. Nge2 b5 7. Qd2 b4 8. Nd1 d6 9. Bh6 Bxh6 10. Qxh6 Nc6 11. h4 Ba6 12. h5 Bxe2 13. Bxe2 Nxd4 14. Ne3 g5 15. Qxg5+ Kh8 16. g4 c4 17. Rh2 c3 18. b3 Qb6 19. O-O-O Rg8 20. Qh4 Qa5 21. Nc4 Qxa2 0-1


[Site "https://www.chess.com"]

[Event "Titled Tuesday Blitz January 03 Early 2023"]
[White "Sreyas Payyappat"]
[Black "Agasarov, Benik"]
[WhiteFideId "46674969"]
[BlackFideId "13314823"]
[WhiteElo "2076"]
[BlackElo "2235"]
[Result "1/2-1/2"]
[Round "02"]
[TimeControl "180+2"]
[Date "2023.01.03"]
[WhiteClock "0:01:18"]
[BlackClock "0:01:46"]

1. e4 e5 2. Nf3 Nc6 3. Bc4 Nf6 4. d4 exd4 5. e5 d5 6. Bb5 Ne4 7. Nxd4 Bc5 8. Be3 O-O 9. Nxc6 bxc6 10. Bxc5 Nxc5 11. Bxc6 Rb8 12. Qxd5 Qxd5 13. Bxd5 Rxb2 14. Na3 Rd8 15. Bb3 Nxb3 16. cxb3 Ba6 17. Nc4 Bxc4 18. bxc4 Rdd2 19. O-O Rxa2 20. Rxa2 Rxa2 21. Rb1 g6 22. f4 Rc2 23. Rb4 c5 24. Ra4 h5 25. h3 h4 26. Kh2 Rf2 27. Ra5 Rxf4 28. Rxc5 Re4 29. Kg1 Kf8 30. Kf2 Ke7 31. Kf3 Re1 32. Kf4 Rg1 33. Rc7+ Ke6 34. Rc6+ Kd7 35. Rf6 Ke7 36. Ra6 Rxg2 37. Rxa7+ Ke6 38. c5 Rf2+ 39. Ke3 Rc2 40. Kd4 Rd2+ 41. Kc3 Rd5 42. Kc4 Rxe5 43. c6 Kd6 44. Rxf7 Rc5+ 45. Kd4 Rxc6 46. Rf6+ Kd7 47. Rxc6 Kxc6 48. Ke5 Kc5 49. Kf6 g5 50. Kxg5 Kd6 51. Kxh4 Ke7 52. Kh5 Kf8 53. Kg6 Kg8 54. h4 Kh8 55. h5 Kg8 56. h6 Kh8 57. h7 1/2-1/2


[Site "https://www.chess.com"]

[Event "Titled Tuesday Blitz January 03 Early 2023"]
[White "Csonka, Balazs"]
[Black "Miszler, Levente"]
[WhiteFideId "742910"]
[BlackFideId "763276"]
[WhiteElo "2496"]
[BlackElo "2271"]
[Result "1-0"]
[Round "02"]
[TimeControl "180+2"]
[Date "2023.01.03"]
[WhiteClock "0:00:43"]
[BlackClock "0:00:10"]

1. e4 c5 2. Nf3 Nc6 3. d4 cxd4 4. Nxd4 Qa5+ 5. Nc3 g6 6. Nb3 Qc7 7. Nd5 Qb8 8. Bf4 d6 9. Qd3 Bg7 10. O-O-O Nf6 11. Nxe7 Bg4 12. Bxd6 Qd8 13. Nxc6 bxc6 14. f3 Be6 15. Qc3 Qb6 16. Be5 Bxb3 17. axb3 c5 18. Rd6 Nxe4 19. fxe4 Qxd6 20. Bb5+ Kd8 21. Bxg7 Qf4+ 22. Kb1 Rb8 23. Rd1+ Kc8 24. Qxc5+ 1-0


[Site "https://www.chess.com"]

[Event "Titled Tuesday Blitz January 03 Early 2023"]
[White "Khoroshev, Nikita"]
[Black "Szyszylo, Rafal"]
[WhiteFideId "14200287"]
[BlackFideId "1109626"]
[WhiteElo "2336"]
[BlackElo "2091"]
[Result "1-0"]
[Round "02"]
[TimeControl "180+2"]
[Date "2023.01.03"]
[WhiteClock "0:01:52"]
[BlackClock "0:00:51"]

1. e4 d6 2. d4 Nf6 3. Nc3 g6 4. f4 Bg7 5. Nf3 O-O 6. e5 dxe5 7. dxe5 Qxd1+ 8. Nxd1 Nd5 9. c4 Nb4 10. Ne3 Rd8 11. Bd2 N8c6 12. a3 Nd3+ 13. Bxd3 Rxd3 14. Ke2 Rd8 15. Bc3 h5 16. h3 Be6 17. Rhd1 Na5 18. Bxa5 b6 19. Bc3 c6 20. Rxd8+ Rxd8 21. Rd1 Rc8 22. g4 hxg4 23. hxg4 f6 24. f5 gxf5 25. gxf5 Bf7 26. Rd7 Bh6 27. Rxe7 Bxe3 28. Kxe3 Bxc4 29. exf6 c5 30. Ng5 Rd8 31. f7+ Kf8 32. f6 Rd3+ 33. Ke4 Rh3 34. Nxh3 1-0


[Site "https://www.chess.com"]

[Event "Titled Tuesday Blitz January 03 Early 2023"]
[White "Martynov, Pavel"]
[Black "Zilleruelo Irizarry, Diego"]
[WhiteFideId "4101260"]
[BlackFideId "3101460"]
[WhiteElo "2414"]
[BlackElo "2135"]
[Result "1-0"]
[Round "02"]
[TimeControl "180+2"]
[Date "2023.01.03"]
[WhiteClock "0:01:32"]
[BlackClock "0:01:28"]

1. e4 c6 2. d4 d5 3. exd5 cxd5 4. c4 Nf6 5. Nc3 g6 6. cxd5 Bg7 7. Bc4 O-O 8. Nf3 Nbd7 9. d6 Nb6 10. dxe7 Qxe7+ 11. Be2 Bg4 12. O-O Rad8 13. h3 Bxf3 14. Bxf3 Qd7 15. Be3 Nc4 16. Qb3 Nxe3 17. fxe3 b6 18. Rad1 Rfe8 19. e4 h5 20. e5 Nh7 21. Bd5 Re7 22. Qc2 Kh8 23. Rxf7 Rxf7 24. e6 Qe7 25. exf7 Qe3+ 26. Kh1 Bxd4 27. Qxg6 h4 28. Qg8+ 1-0


[Site "https://www.chess.com"]

[Event "Titled Tuesday Blitz January 03 Early 2023"]
[White "Sjoberg, Isak"]
[Black "Goroshkov, Maksym"]
[WhiteFideId "1521640"]
[BlackFideId "14142716"]
[WhiteElo "2308"]
[BlackElo "2287"]
[Result "0-1"]
[Round "02"]
[TimeControl "180+2"]
[Date "2023.01.03"]
[WhiteClock "0:00:27"]
[BlackClock "0:01:03"]

1. e4 e5 2. Nf3 d6 3. d4 Bg4 4. Bc4 exd4 5. Qxd4 Nc6 6. Qe3 Nf6 7. b3 Be7 8. Bb2 O-O 9. Nbd2 d5 10. Bd3 Bxf3 11. gxf3 d4 12. Qf4 Bd6 13. Qh4 Ne5 14. O-O-O Bb4 15. Qg3 Qd6 16. f4 Nxd3+ 17. Qxd3 Qxf4 18. Qxd4 Bxd2+ 19. Qxd2 Qxd2+ 20. Rxd2 Nxe4 21. Rg1 f6 22. Re2 Rae8 23. Rge1 Nd6 24. Bd4 Rxe2 25. Rxe2 Re8 26. Rxe8+ Nxe8 27. Bxa7 b6 28. a4 Kf7 29. b4 Ke6 30. a5 bxa5 31. bxa5 Kd7 32. Bc5 Kc6 33. a6 Nd6 34. a7 Kb7 35. Kd1 Nb5 36. c4 Nxa7 37. Kd2 Nc6 38. Ke3 Ne5 39. Kd4 Kc6 40. Bf8 g6 41. Bg7 Nf3+ 42. Ke4 Ng5+ 43. Ke3 f5 44. h4 Ne6 45. Be5 Kc5 46. Kd3 c6 47. f4 Kb4 48. Bc3+ Kb3 49. Be5 c5 50. Bd6 Kb4 51. Be5 Nd8 52. Bc3+ Kb3 53. Ba5 Nc6 54. Bb6 Nb4+ 0-1


[Site "https://www.chess.com"]

[Event "Titled Tuesday Blitz January 03 Early 2023"]
[White "Sargsyan, Anna M."]
[Black "Dinu, Dumitru-Daniel"]
[WhiteFideId "13308130"]
[BlackFideId "1208403"]
[WhiteElo "2375"]
[BlackElo "2203"]
[Result "1-0"]
[Round "02"]
[TimeControl "180+2"]
[Date "2023.01.03"]
[WhiteClock "0:01:10"]
[BlackClock "0:00:54"]

1. d4 Nf6 2. c4 g6 3. g3 Bg7 4. Bg2 O-O 5. Nc3 d6 6. Nf3 c5 7. O-O cxd4 8. Nxd4 a6 9. b3 Qc7 10. Bb2 Nc6 11. Rc1 Nxd4 12. Qxd4 Qc5 13. Qd2 Rb8 14. e3 Bf5 15. Rfd1 Qc8 16. Na4 Bg4 17. Re1 Bh3 18. Nb6 Qe6 19. Bxf6 Bxf6 20. Bxh3 Qxh3 21. Nd5 Rfd8 22. Nxf6+ exf6 23. Qd5 b5 24. cxb5 Rxb5 25. Qg2 Qf5 26. Re2 Qd3 27. Qf1 Kg7 28. Rd1 Qe4 29. Red2 Ra5 30. Qg2 Qe6 31. Qc6 d5 32. Qc7 1-0


[Site "https://www.chess.com"]

[Event "Titled Tuesday Blitz January 03 Early 2023"]
[White "Carnicelli, Valerio"]
[Black "Topalov, Aleksandar"]
[WhiteFideId "856185"]
[BlackFideId "925659"]
[WhiteElo "2370"]
[BlackElo "2233"]
[Result "1-0"]
[Round "02"]
[TimeControl "180+2"]
[Date "2023.01.03"]
[WhiteClock "0:01:53"]
[BlackClock "0:00:09"]

1. b3 Nf6 2. Bb2 g6 3. c4 Bg7 4. e3 O-O 5. Be2 d6 6. h4 h5 7. Nf3 a5 8. Ng5 a4 9. d3 c6 10. Nd2 a3 11. Bc3 b5 12. cxb5 cxb5 13. Bf3 Ra7 14. Bd4 Ra6 15. Rc1 Ng4 16. Bxg7 Kxg7 17. Nde4 f6 18. Nh3 e5 19. d4 Be6 20. O-O Nd7 21. Qd2 Qb8 22. d5 Bf7 23. Rc6 Rb6 24. Rfc1 f5 25. Nxd6 e4 26. Qd4+ Kg8 27. Bxg4 1-0


[Site "https://www.chess.com"]

[Event "Titled Tuesday Blitz January 03 Early 2023"]
[White "Guzman, Christopher"]
[Black "Pandey Srishti"]
[WhiteFideId "6405096"]
[BlackFideId "35093290"]
[WhiteElo "2271"]
[BlackElo "2188"]
[Result "1-0"]
[Round "02"]
[TimeControl "180+2"]
[Date "2023.01.03"]
[WhiteClock "0:02:01"]
[BlackClock "0:00:56"]

1. e4 e5 2. Nf3 Nc6 3. Bb5 a6 4. Ba4 Nf6 5. O-O b5 6. Bb3 Bc5 7. a4 Rb8 8. c3 d6 9. d4 Bb6 10. a5 Ba7 11. h3 O-O 12. Re1 h6 13. Be3 Re8 14. Nbd2 exd4 15. Nxd4 Nxd4 16. Bxd4 Bxd4 17. cxd4 c5 18. Qf3 Bb7 19. Qf4 cxd4 20. Kh1 Qe7 21. Rac1 Qe5 22. Qxe5 dxe5 23. Rc7 Rf8 24. f3 Ba8 25. Rec1 g6 26. R1c5 Rbe8 27. Ra7 Kg7 28. Rcc7 h5 29. Rxf7+ Rxf7 30. Rxf7+ Kh6 31. Rxf6 Rc8 32. Rxa6 1-0


[Site "https://www.chess.com"]

[Event "Titled Tuesday Blitz January 03 Early 2023"]
[White "Atanasov, Anthony"]
[Black "Batsiashvili, Nino"]
[WhiteFideId "2623897"]
[BlackFideId "13602993"]
[WhiteElo "2368"]
[BlackElo "2467"]
[Result "1-0"]
[Round "02"]
[TimeControl "180+2"]
[Date "2023.01.03"]
[WhiteClock "0:00:43"]
[BlackClock "0:00:31"]

1. d4 Nf6 2. Nf3 c5 3. d5 b5 4. c4 b4 5. Bf4 d6 6. Nbd2 g6 7. e4 Bg7 8. h3 O-O 9. Qc2 a5 10. a4 bxa3 11. Rxa3 Na6 12. Be2 Nb4 13. Qb1 a4 14. O-O Nd7 15. Bd1 Nb6 16. Re1 Ba6 17. Qc1 e6 18. Bg5 Qd7 19. Be2 exd5 20. cxd5 Rfe8 21. Bxa6 Rxa6 22. Nb1 h6 23. Bxh6 Bxh6 24. Qxh6 Nc2 25. Ng5 Nxa3 26. Nxa3 Re5 27. f4 Rxg5 28. Qxg5 Ra8 29. f5 Qd8 30. f6 Nd7 31. Rf1 Rb8 32. Nc4 Nb6 33. Ne3 Qf8 34. Nf5 Nc8 35. Rf4 Rxb2 36. Nh6+ Kh7 37. Rh4 Rb1+ 38. Kh2 Qe8 39. Nf5+ Kg8 40. Rh8+ Kxh8 41. Qh6+ Kg8 42. Ne7+ Nxe7 43. Qg7# 1-0


[Site "https://www.chess.com"]

[Event "Titled Tuesday Blitz January 03 Early 2023"]
[White "Buscar, Michael"]
[Black "Martinez Ramirez, Lennis"]
[WhiteFideId "2603616"]
[BlackFideId "3509079"]
[WhiteElo "2041"]
[BlackElo "2426"]
[Result "1-0"]
[Round "02"]
[TimeControl "180+2"]
[Date "2023.01.03"]
[WhiteClock "0:00:09"]
[BlackClock "0:00:20"]

1. d4 d5 2. c4 e6 3. Nc3 Nf6 4. Bg5 Bb4 5. e3 h6 6. Bxf6 Qxf6 7. Bd3 dxc4 8. Bxc4 O-O 9. Ne2 b6 10. O-O Bb7 11. a3 Bd6 12. e4 e5 13. f4 exd4 14. e5 Qd8 15. Nb5 Be7 16. Nbxd4 Nc6 17. Nxc6 Bxc6 18. Qxd8 Raxd8 19. Rfd1 Bc5+ 20. Kf1 a5 21. Nc3 Be3 22. g3 Bf3 23. Be2 Bh1 24. Rxd8 Rxd8 25. Rd1 Rxd1+ 26. Nxd1 Bd4 27. Bc4 g5 28. fxg5 hxg5 29. e6 fxe6 30. Bxe6+ Kg7 31. Bg4 Kf6 32. Ke2 b5 33. h4 b4 34. axb4 axb4 35. Kd3 c5 36. Kc4 Bg2 37. Be2 Ke5 38. Kd3 Be4+ 39. Kc4 Bd5+ 40. Kd3 c4+ 41. Kd2 Be4 42. hxg5 Kd5 43. Ne3+ Bxe3+ 44. Kxe3 c3 45. bxc3 b3 46. Bd3 Bg2 47. g6 Ke6 48. Bc4+ Kf6 49. Bxb3 Kxg6 50. Bc2+ Kg5 51. Be4 Kg4 52. Bxg2 Kxg3 53. Bd5 Kg4 54. Kd4 Kf5 55. Kc5 Kf6 56. Kd6 Kf5 57. c4 Kf4 58. c5 Ke3 59. c6 Kd4 60. c7 Kd3 61. c8=Q Ke3 62. Qc4 1-0


[Site "https://www.chess.com"]

[Event "Titled Tuesday Blitz January 03 Early 2023"]
[White "Tologon tegin, Semetei"]
[Black "Federzoni, Enzo"]
[WhiteFideId "13800574"]
[BlackFideId "2173301"]
[WhiteElo "2372"]
[BlackElo "2133"]
[Result "1-0"]
[Round "02"]
[TimeControl "180+2"]
[Date "2023.01.03"]
[WhiteClock "0:00:08"]
[BlackClock "0:00:12"]

1. e4 c5 2. Nf3 d6 3. d4 cxd4 4. Nxd4 Nf6 5. Nc3 a6 6. a3 e6 7. Be3 b5 8. Bd3 Bb7 9. O-O Nbd7 10. f4 Be7 11. Qf3 O-O 12. Rae1 Rc8 13. g4 Rxc3 14. bxc3 Nc5 15. Bd2 Nfd7 16. Qh3 Re8 17. g5 Qa5 18. Qg3 Bf8 19. f5 e5 20. Ne6 fxe6 21. f6 Rc8 22. Re3 Qd8 23. f7+ Kh8 24. g6 h6 25. Qh3 d5 26. exd5 Bxd5 27. Rg3 Nxd3 28. cxd3 Nf6 29. Qh4 e4 30. Bxh6 gxh6 31. Rxf6 Bg7 32. f8=Q+ Bxf8 33. g7+ Bxg7 34. Rxh6+ Kg8 35. Rxg7+ Kxg7 36. Rh7+ Kf8 37. Qh6+ Ke8 38. Qg6+ Kf8 39. Qf7# 1-0


[Site "https://www.chess.com"]

[Event "Titled Tuesday Blitz January 03 Early 2023"]
[White "Stepanencu, Nicodim-Cosmin"]
[Black "Melian, Juan Sebastian"]
[WhiteFideId "1256220"]
[BlackFideId "3706575"]
[WhiteElo "2303"]
[BlackElo "2293"]
[Result "1-0"]
[Round "02"]
[TimeControl "180+2"]
[Date "2023.01.03"]
[WhiteClock "0:00:06"]
[BlackClock "0:00:03"]

1. b3 f5 2. Bb2 Nf6 3. Nf3 g6 4. g3 Bg7 5. Bg2 O-O 6. O-O d6 7. d4 c6 8. Nbd2 Na6 9. a4 Nc7 10. Nc4 Be6 11. a5 Ne4 12. e3 Nb5 13. Qe1 h6 14. Nfd2 Nec3 15. a6 Qc7 16. axb7 Qxb7 17. Na5 Qc7 18. Nxc6 Nd5 19. Ra6 Qb7 20. Qa1 Nbc7 21. Nxe7+ Kh7 22. Ra5 Rfe8 23. Nxd5 Bxd5 24. Rxd5 Nxd5 25. c4 Qb4 26. Bxd5 Qxd2 27. Bxa8 Rxa8 28. Bc3 Qd3 29. Qb2 Rb8 30. Ra1 Rb7 31. Qd2 Qe4 32. d5 h5 33. Bxg7 Rxg7 34. Qd4 Qe7 35. b4 Qb7 36. c5 Rc7 37. c6 Qb8 38. b5 Re7 39. Kg2 Rf7 40. h4 Re7 41. Kh2 Rf7 42. Ra6 Re7 43. b6 axb6 44. Rxb6 Qf8 45. Rb7 Kh6 46. Rxe7 Qxe7 47. Qh8+ Qh7 48. Qxh7+ Kxh7 49. c7 1-0


[Site "https://www.chess.com"]